 Dungeon Crawl Stone Soup version 0.25-a0-246-g58704a1ebd (webtiles) character file.

Game seed: 10135585387479969025, levelgen mode: deterministic

6 Jerej03 the Sneak (level 1, -7/13 HPs)
             Began as a Gnoll Enchanter on Dec 3, 2019.
             Mangled by a gnoll
             ... wielding a +0 spear
              (9 damage)
             ... on level 1 of the Dungeon.
             The game lasted 00:02:00 (160 turns).

Jerej03 the Sneak (Gnoll Enchanter)                  Turns: 160, Time: 00:02:01

Health: -7/13      AC:  6    Str: 10    XL:     1   Next: 90%
Magic:  6/6        EV: 10    Int: 17    God:
Gold:   0          SH:  0    Dex: 15    Spells: 8/9 levels left

rFire    . . .     SeeInvis .   a - +1 dagger
rCold    . . .     Gourm    .   (no shield)
rNeg     . . .     Faith    .   e - +0 scale mail
rPois    .         Spirit   .   (no helmet)
rElec    .         Reflect  .   (no cloak)
rCorr    .         Harm     .   (no gloves)
MR       .....                  (no boots)
Stlth    ++........             (no amulet)
HPRegen  0.04/turn              (no ring)
MPRegen  0.10/turn              (no ring)

@: no status effects
A: distributed training, fangs 1, strong nose
a: no special abilities


You were on level 1 of the Dungeon.
You were not hungry.

You visited 1 branch of the dungeon, and saw 1 of its levels.

Inventory:

Hand Weapons
 a - a +1 dagger (weapon)
Armour
 b - a +0 robe
 e - a +0 scale mail (worn)
Scrolls
 f - a scroll of amnesia {unknown}
Potions
 c - a potion of mutation {unknown}
Comestibles
 d - a ration


   Skills:
 + Level 0.1 Fighting
 + Level 2.4 Short Blades
 + Level 0.1 Long Blades
 + Level 0.1 Axes
 + Level 0.1 Maces & Flails
 + Level 0.1 Polearms
 + Level 0.1 Staves
 + Level 0.1 Slings
 + Level 0.1 Bows
 + Level 0.1 Crossbows
 + Level 0.1 Throwing
 + Level 0.1 Armour
 + Level 4.4 Dodging
 + Level 5.9 Stealth
 + Level 0.1 Shields
 + Level 0.1 Unarmed Combat
 + Level 4.9 Spellcasting
 + Level 0.1 Conjurations
 + Level 5.3 Hexes
 + Level 0.1 Charms
 + Level 0.1 Summonings
 + Level 0.1 Necromancy
 + Level 0.1 Translocations
 + Level 0.1 Transmutations
 + Level 0.1 Fire Magic
 + Level 0.1 Ice Magic
 + Level 0.1 Air Magic
 + Level 0.1 Earth Magic
 + Level 0.1 Poison Magic
 + Level 0.2 Invocations
 + Level 0.1 Evocations


You had 8 spell levels left.
You knew the following spells:

 Your Spells              Type           Power        Failure   Level  Hunger
a - Corona                Hex            ###....      12%         1    None

Your spell library contained the following spells:

 Spells                   Type           Power        Failure   Level  Hunger
 Confuse                  Hex            ###.....     34%         3    ###....
 Tukima's Dance           Hex            ###.....     34%         3    ###....
 Ensorcelled Hibernation  Hex/Ice        ##....       45%         2    #......
 Dazzling Flash           Conj/Hex       ##....       71%         3    ###....


Dungeon Overview and Level Annotations

Branches:
Dungeon (1/15)

Altars:


Innate Abilities, Weirdness & Mutations

Your experience applies equally to all skills.
You have very sharp teeth.
Your uncanny sense of smell can sniff out nearby items.


Message History

The gnoll closely misses you. The rat barely misses you.
You hit the rat but do no damage. The rat misses you.
The gnoll hits you but does no damage.
You closely miss the rat. The rat barely misses you.
The gnoll hits you but does no damage.
You hit the rat.
You kill the rat!
You see here a rat corpse.
The gnoll hits you but does no damage. The gnoll closely misses you.
A goblin comes into view. It is wielding a +0 dagger.
The goblin shouts!
The goblin hits you but does no damage.
Found a scroll labeled SISOC DUEGASHRI, 22 stones and a glowing puce potion.
The goblin closely misses you. The goblin hits you but does no damage.
The gnoll hits you from afar with a +0 spear!
Ouch! That really hurt!
You die...

..# # ... .# #..
###.# # #... #.#
.... .# #..# #.##..#
.. ###..# #....# .#
....#######.g..#..#
..........g....#.#
###..######.#.@....#
#....# #.##..?..#
#....# #.###.(..#
#..#.# #.# ....#
#..#.# ###.# .!..#
#..#.## #...# ....#
##..#..# #.### ..#.#
##..###.# #†# .#..#
#...# #.# #.#


You could see a gnoll and a goblin.

Vanquished Creatures
  2 bats (D:1)
  2 hobgoblins (D:1)
  2 rats (D:1)
6 creatures vanquished.

Notes
Turn   | Place    | Note
-------+----------+-------------------------------------------
     0 | D:1      | Jerej03 the Gnoll Enchanter began the quest for the Orb.
     0 | D:1      | Reached XP level 1. HP: 13/13 MP: 6/6
   160 | D:1      | Mangled by a gnoll

Levels and vault maps discovered:
D:1:      minmay_arrival_doors, layout_rooms, minmay_curled_crystal

Action                   || total
-------------------------++-------
Melee: Dagger            ||    21
 Cast: Corona            ||     7
Armor: Scale mail        ||     7
       Robe              ||     4
Dodge: Dodged            ||    24

Table legend:
 A = Non-vault XP
 B = Vault XP
 C = Vault XP percentage of total XP
 D = Non-vault monster count
 E = Vault monster count
 F = Vault count percentage of total count
                 A         B        C        D         E       F
            +---------+---------+-------+---------+---------+-------
      Total |       9 |       0 |   0.0 |       6 |       0 |   0.0
            +---------+---------+-------+---------+---------+-------
        D:1 |       9 |       0 |   0.0 |       6 |       0 |   0.0
            +---------+---------+-------+---------+---------+-------
